 Dungeon Crawl Stone Soup version 0.26-a0-317-ge2f3d4a7ca (webtiles) character file.

Game seed: 6244761033682668659

(classic levelgen) 33 EnegeticOcto the Ruffian (level 3, -2/29 HPs)
             Began as a Ghoul Skald on July 16, 2020.
             Slain by a worm (9 damage)
             ... on level 3 of the Dungeon.
             The game lasted 00:04:54 (770 turns).

EnegeticOcto the Ruffian (Ghoul Skald)               Turns: 770, Time: 00:04:55

Health: -2/29      AC:  5    Str: 14    XL:     3   Next: 29%
Magic:  4/4        EV: 11    Int:  9    God:
Gold:   66         SH:  0    Dex:  8    Spells: 4/5 levels left

rFire    . . .     SeeInvis .     - Unarmed
rCold    + . .     Faith    .   (no shield)
rNeg     + + +     Spirit   .   a - +0 leather armour
rPois    ∞         Reflect  .   (no helmet)
rElec    .         Harm     .   (no cloak)
rCorr    .                      (no gloves)
MR       .....                  d - +1 pair of boots
Stlth    +.........             (no amulet)
HPRegen  0.00/turn              (no ring)
MPRegen  0.09/turn              (no ring)

@: no status effects
A: rotting body, claws 1, cold resistance 1, negative energy resistance 3,
inhibited regeneration, torment resistance, unbreathing
a: no special abilities


You were on level 3 of the Dungeon.
You visited 1 branch of the dungeon, and saw 4 of its levels.

You collected 66 gold pieces.

Inventory:

Missiles
 g - 14 bolts
 h - 8 poisoned darts (quivered)
Armour
 a - a +0 leather armour (worn)
 d - a +1 pair of boots (worn)
Scrolls
 b - a scroll of remove curse {unknown}
 f - a scroll of immolation {unknown}
 j - a scroll of magic mapping {unknown}
Potions
 c - a potion of lignification {unknown}
 e - 2 potions of flight {unknown}
 i - a potion of heal wounds {unknown}


   Skills:
 - Level 2.1 Fighting
 - Level 0.8 Armour
 - Level 1.7 Dodging
 + Level 4.0 Unarmed Combat
 - Level 1.7 Spellcasting
 - Level 2.6 Charms


You had 4 spell levels left.
You knew the following spells:

 Your Spells              Type           Power        Failure   Level
a - Infusion              Chrm           #...         14%         1

Your spell library contained the following spells:

 Spells                   Type           Power        Failure   Level
 Song of Slaying          Chrm           #.......     22%         2
 Shroud of Golubria       Chrm/Tloc      #.....       36%         2
 Ozocubu's Armour         Chrm/Ice       #.......     58%         3
 Spectral Weapon          Hex/Chrm       #.......     58%         3


Dungeon Overview and Level Annotations

Branches:
Dungeon (4/15)
 Temple: D:4-7

Altars:
Elyvilon
Vehumet


Innate Abilities, Weirdness & Mutations

Your body is rotting away.
You thrive by killing the living.
You are immune to poison.
You have sharp fingernails.
Your flesh is cold resistant. (rC+)
You are immune to negative energy. (rN+++)
You do not regenerate when monsters are visible.
You are immune to unholy pain and torment.
You can survive without breathing.


Message History

The adder is almost dead.
The adder bites you but does no damage.
You miss the adder.
The adder is almost dead.
The adder bites you but does no damage. The adder bites you.
You barely miss the adder.
The adder is almost dead.
The quokka bites you. The adder bites you.
You barely miss the adder.
The adder is almost dead.
The quokka closely misses you. The adder bites you but does no damage.
You closely miss the adder.
The adder is almost dead.
The quokka closely misses you. The adder bites you.
You claw the adder!
You kill the adder!
You have reached level 3!
Your experience leads to an increase in your attributes!
Increase (s)trength, (i)ntelligence, or (d)exterity?
You feel clever. The quokka closely misses you.
The quokka bites you but does no damage.
You scratch the quokka but do no damage.
The quokka closely misses you.
You closely miss the quokka. The quokka closely misses you.
You barely miss the quokka.
The quokka bites you but does no damage.
You barely miss the quokka. The quokka bites you.
You are too injured to fight recklessly!
You are too injured to fight recklessly!
You are too injured to fight recklessly!
You closely miss the quokka. The quokka closely misses you.
You scratch the quokka.
The quokka is moderately wounded.
The quokka barely misses you.
You closely miss the quokka.
The quokka is moderately wounded.
The quokka bites you.
You scratch the quokka.
The quokka is almost dead.
The quokka bites you.
You closely miss the quokka.
The quokka is almost dead.
The quokka bites you but does no damage.
The quokka bites you.
* * * LOW HITPOINT WARNING * * *
You scratch the quokka.
You kill the quokka!
A jackal comes into view.
The jackal barks!
A jackal comes into view. x2
Found 5 gold pieces.
You see here 7 gold pieces.
You now have 66 gold pieces (gained 7).
A jackal comes into view.
The jackal barks!
Found an escape hatch in the ceiling.
Found a stone staircase leading down.
The jackal bites you.
* * * LOW HITPOINT WARNING * * *
The jackal closely misses you. The jackal misses you.
Found a scroll labeled PAYTZA YXERR and a scroll labeled GAXZUJ IMMUEDOLOC.
Found a scroll labeled QEUTUDA FYOBU.
A gnoll comes into view. It is wielding a +0 club.
The gnoll shouts!
You hear a shout!
The gnoll unwields a +0 club.
The gnoll drops a +0 club.
The gnoll picks up a mace.
The gnoll wields a mace.
Found a scroll labeled XAIMNA QANEXUY and a +0 club.
There is an escape hatch in the ceiling here.
Really go through this one-way escape hatch?
The jackal closely misses you. A mysterious force pulls you upwards.
The hatch slams shut behind you.
A worm comes into view.
A giant cockroach comes into view.
The worm closely misses you.
Found 9 gold pieces, 19 arrows and a scroll labeled RIUFIUM MEOMO.
Found a white marble altar of Elyvilon.
The jackal misses you. The jackal closely misses you.
The jackal bites you but does no damage.
You claw the jackal!
You kill the jackal!
Your Unarmed Combat skill increases to level 4!
There is a stone staircase leading down here.
You barely miss the giant cockroach.
The giant cockroach bites you but does no damage.
You scratch the giant cockroach.
The giant cockroach is heavily wounded.
The giant cockroach barely misses you.
You barely miss the giant cockroach.
The giant cockroach is heavily wounded.
The giant cockroach bites you but does no damage.
You scratch the giant cockroach.
You kill the giant cockroach!
You claw the worm!
The worm is heavily wounded.
You scratch the worm.
The worm is severely wounded.
The worm bites you!
You die...

.#.#.#.#.# .........#
.....⌠...##
.$_.......#
.....⌠....#
.....(....#
.#.#.#.#..#
..........###########
s+...+......w@.......
#...####.##########.
#.. #.# .. #.# #.#
... #.# ..


You could see a worm.

Vanquished Creatures
  An adder (D:4)
  A leopard gecko (D:1)
  An orc (D:3)
  4 bats
  2 giant cockroaches
  A goblin (D:3)
  4 hobgoblins
  A jackal (D:3)
  A quokka (D:4)
  A frilled lizard (D:2)
  3 rats
20 creatures vanquished.

Notes
Turn   | Place    | Note
-------+----------+-------------------------------------------
     0 | D:1      | EnegeticOcto the Ghoul Skald began the quest for the Orb.
     0 | D:1      | Reached XP level 1. HP: 17/17 MP: 2/2
   131 | D:1      | Reached XP level 2. HP: 15/24 MP: 3/3
   138 | D:1      | Reached skill level 3 in Unarmed Combat
   626 | D:3      | Found a radiant altar of Vehumet.
   721 | D:4      | Reached XP level 3. HP: 19/29 MP: 4/4
   754 | D:3      | Found a white marble altar of Elyvilon.
   762 | D:3      | Reached skill level 4 in Unarmed Combat
   770 | D:3      | Slain by a worm

Illustrated notes

Levels and vault maps discovered:
D:1:      lightli_arrival_isolated_outpost, layout_basic
D:2:      layout_basic
D:3:      minmay_thinvault, layout_basic, vehumet_crystals, elyvilon_altar_5,
          fedhas_altar_fruit_tree
D:4:      layout_rooms, uniq_blork_the_orc

Skill      XL: |  1  2  3 |
---------------+----------+-----
Unarmed Combat | 3 4 |  4.0
Fighting       | |  2.1
Armour         | |  0.8
Dodging        | |  1.7
Spellcasting   | |  1.7
Charms         | |  2.6

Action                   || total
-------------------------++-------
Melee: Unarmed           ||    79
       Punch             ||     1
Armor: Leather armour    ||    37
Dodge: Dodged            ||    55

Table legend:
 A = Non-vault XP
 B = Vault XP
 C = Vault XP percentage of total XP
 D = Non-vault monster count
 E = Vault monster count
 F = Vault count percentage of total count
                 A         B        C        D         E       F
            +---------+---------+-------+---------+---------+-------
      Total |      48 |       0 |   0.0 |      20 |       0 |   0.0
            +---------+---------+-------+---------+---------+-------
        D:1 |      12 |       0 |   0.0 |       6 |       0 |   0.0
        D:2 |      12 |       0 |   0.0 |       8 |       0 |   0.0
        D:3 |       9 |       0 |   0.0 |       4 |       0 |   0.0
        D:4 |      15 |       0 |   0.0 |       2 |       0 |   0.0
            +---------+---------+-------+---------+---------+-------
